 Dungeon Crawl Stone Soup version 0.23.2 (webtiles) character file.

Game seed: 10711074983538496027

2680 Borgoz the Cutter (level 9, -4/75 HPs)
             Began as a Ghoul Monk on Apr 5, 2019.
             Was a Believer of Ashenzari.
             Slain by a two-headed ogre
             ... wielding a +0 giant club
              (14 damage)
             ... on level 8 of the Dungeon.
             The game lasted 00:13:08 (7155 turns).

Borgoz the Cutter (Ghoul Monk)                      Turns: 7155, Time: 00:13:09

Health: -4/75      AC: 12    Str: 20    XL:     9   Next: 64%
Magic:  2/8        EV: 13    Int:  6    God:    Ashenzari [**....]
Gold:   335        SH:  0    Dex: 13    Spells: 8/8 levels left

rFire    . . .     SeeInvis .   a - +3 dagger (freeze)
rCold    + . .     Gourm    .   (no shield)
rNeg     + + +     Faith    .   i - +0 scale mail
rPois    ∞         Spirit   .   (no helmet)
rElec    .         Reflect  .   l - +2 cloak {+Inv}
rCorr    .         Harm     .   j - +0 pair of gloves
MR       .....                  (no boots)
Stlth    +.........             (no amulet)
HPRegen  0.00/turn              (no ring)
MPRegen  0.11/turn              (no ring)

@: mighty, rotting
A: rotting body, claws 1, carnivore, cold resistance 1, negative energy
resistance 3, inhibited regeneration, torment resistance, unbreathing
a: Curse Item, Scrying, Renounce Religion, Evoke Invisibility


You were on level 8 of the Dungeon.
You worshipped Ashenzari.
Ashenzari was pleased with you.
You were not hungry.

You visited 2 branches of the dungeon, and saw 9 of its levels.

You collected 335 gold pieces.

Inventory:

Hand Weapons
 a - a +3 dagger of freezing (weapon)
 h - a cursed -1 rapier
 w - a +2 dagger of freezing
Missiles
 n - 21 bolts
Armour
 i - a +0 scale mail (worn)
 j - a +0 pair of gloves (worn)
 l - a +2 cloak of invisibility (worn)
Jewellery
 o - an uncursed ring of fire
 t - an uncursed ring of magical power
Wands
 g - a wand of polymorph (5)
Scrolls
 b - a scroll of identify
 e - 2 scrolls of teleportation {unknown}
 f - 5 scrolls of remove curse
 k - 2 scrolls of fear {unknown}
 m - a scroll of blinking {unknown}
 p - 3 scrolls of silence {unknown}
 q - 3 scrolls of amnesia
Potions
 r - 4 potions of haste
 u - a potion of flight
Comestibles
 c - 13 rations


   Skills:
 + Level 5.8 Fighting
 * Level 6.6 Short Blades
 * Level 5.9 Armour
 * Level 6.6 Dodging
 - Level 5.0 Stealth


You had 8 spell levels left.
You didn't know any spells.
Your spell library contained the following spells:

 Spells                   Type           Power        Failure   Level  Hunger
 Animate Skeleton         Necr           N/A          78%         1    ##.....
 Apportation              Tloc           #.....       78%         1    ##.....
 Confusing Touch          Hex            #.....       78%         1    ##.....
 Summon Small Mammal      Summ           #...         78%         1    ##.....


Dungeon Overview and Level Annotations

Branches:
Dungeon (8/15)             Temple (1/1) D:6
   Lair: D:8-11

Altars:
Ashenzari
Cheibriados
Dithmenos
Elyvilon
Fedhas
Hepliaklqana
Kikubaaqudgha
Makhleb
Nemelex Xobeh
Okawaru
Qazlal
Ru
Sif Muna
Trog
Uskayaw
Vehumet
Wu Jian
Xom
Yredelemnul
Zin
The Shining One

Annotations:
D:6 1 runed translucent door, dengdeng's ghost, novice MiBe


Innate Abilities, Weirdness & Mutations

Your body is rotting away.
You thrive on raw meat.
You are immune to poison.
You have sharp fingernails.
You are carnivorous and can eat meat at any time.
Your flesh is cold resistant. (rC+)
You are immune to negative energy. (rN+++)
You do not regenerate when monsters are visible.
You are immune to unholy pain and torment.
You can survive without breathing.


Message History

The eye of draining is almost dead.
The orc completely misses you.
The worker ant zombie closely misses you.
The eye of draining gazes at you.
You feel your power leaking away.
You impale the eye of draining!! You freeze the eye of draining.
You kill the eye of draining!
The worker ant zombie misses you. The orc barely misses you.
You see here an adder skeleton.
You puncture the orc! You freeze the orc.
You kill the orc!
Okay, then.
You puncture the two-headed ogre! You freeze the two-headed ogre.
The two-headed ogre is moderately wounded.
You hit the two-headed ogre. You freeze the two-headed ogre.
The two-headed ogre is moderately wounded.
The two-headed ogre hits you with a +0 giant club!
* * * LOW HITPOINT WARNING * * *
The two-headed ogre hits you with a +0 giant club!
You die...

#....# #####....#,
*....# #........#, *$...
#.###....#.##*.#.#
#.#...>...... ...#### *
* * #.#....######
....... #.#.<........
....... ,
####.############.......
* #......<.((...(@OZ#, *
** #.##.############Z# *
#.##.#,, * .#,,**
#.##.#,, ,*, ,Z. *
#.##.# , , , , ... * ,
#.##.#{* * ...# , #.##.#
* *, ,, ...# * #.##.# *
, .... , * #....# ,


You could see a two-headed ogre, a bullfrog zombie and a worker ant zombie.

Vanquished Creatures
  Prince Ribbit (D:5)
  Sigmund (D:4)
  Duvessa (D:5)
  2 orc warriors
  2 sky beasts (D:6)
  An eye of draining (D:8)
  A necrophage (D:6)
  An ogre (D:6)
  3 centaurs
  A phantom (D:6)
  3 bullfrogs
  Dowan (D:5)
  A scorpion (D:6)
  A water moccasin skeleton (D:8)
  3 wights
  5 howler monkeys
  2 crimson imps (D:5)
  2 orc priests
  2 hounds
  3 orc wizards
  Crazy Yiuf (D:5)
  2 iguanas
  Ijyb (D:5)
  4 worker ants
  4 gnolls
  2 adders (D:8)
  3 shadow imps
  3 oozes
  An adder skeleton (D:6)
  3 worms
  2 dart slugs (D:1)
  4 leopard geckos
  12 orcs
  4 bats
  4 giant cockroaches
  8 goblins
  8 hobgoblins
  6 jackals
  A quokka (D:5)
  2 ball pythons
  3 frilled lizards
  11 kobolds
  A quokka skeleton (D:5)
  11 rats
138 creatures vanquished.

Notes
Turn   | Place    | Note
-------+----------+-------------------------------------------
     0 | D:1      | Borgoz the Ghoul Monk began the quest for the Orb.
     0 | D:1      | Reached XP level 1. HP: 19/19 MP: 0/0
    77 | D:1      | Reached XP level 2. HP: 23/26 MP: 1/1
   322 | D:1      | Reached skill level 1 in Armour
   444 | D:1      | Reached XP level 3. HP: 31/31 MP: 2/2
  1335 | D:2      | Reached XP level 4. HP: 12/38 MP: 3/3
  1879 | D:3      | Found a hazy altar of Hepliaklqana.
  2439 | D:3      | Reached XP level 5. HP: 31/46 MP: 4/4
  2700 | D:4      | Found an ornate altar of the Wu Jian Council.
  2847 | D:4      | Found a shadowy altar of Dithmenos.
  2926 | D:4      | Noticed Sigmund
  2930 | D:4      | Killed Sigmund
  2930 | D:4      | Reached XP level 6. HP: 42/52 MP: 5/5
  2969 | D:5      | Entered Level 5 of the Dungeon
  2978 | D:5      | Noticed Prince Ribbit
  3008 | D:5      | Killed Prince Ribbit
  3008 | D:5      | Reached XP level 7. HP: 30/59 MP: 6/6
  3303 | D:5      | Noticed Ijyb
  3325 | D:5      | Killed Ijyb
  3395 | D:5      | Noticed Duvessa
  3437 | D:5      | Noticed Dowan
  3458 | D:5      | Killed Duvessa
  3471 | D:5      | Killed Dowan
  3738 | D:5      | Found a radiant altar of Vehumet.
  3739 | D:5      | Found a burning altar of Makhleb.
  3827 | D:5      | Reached XP level 8. HP: 61/67 MP: 7/7
  3834 | D:5      | Found a stormy altar of Qazlal.
  3950 | D:5      | Found a sparkling altar of Nemelex Xobeh.
  3994 | D:5      | Reached skill level 5 in Short Blades
  3994 | D:5      | Reached skill level 5 in Dodging
  4060 | D:5      | Found a runed translucent door.
  4060 | D:5      | Noticed Crazy Yiuf
  4073 | D:5      | Killed Crazy Yiuf
  4453 | D:5      | Found an ancient bone altar of Kikubaaqudgha.
  5486 | D:6      | Found a staircase to the Ecumenical Temple.
  5496 | Temple   | Entered the Ecumenical Temple
  5548 | Temple   | Became a worshipper of Ashenzari the Shackled
  5548 | Temple   | Reached * piety under Ashenzari
  5548 | Temple   | Reached ** piety under Ashenzari
  5566 | D:6      | Reached skill level 5 in Fighting
  5886 | D:6      | Reached XP level 9. HP: 66/74 MP: 8/8
  5961 | D:6      | Reached skill level 5 in Armour
  5967 | D:6      | Reached skill level 5 in Stealth
  6124 | D:6      | Found a runed translucent door.
  6124 | D:6      | Noticed dengdeng's ghost (novice MiBe)
  6458 | D:7      | Found an ancient bone altar of Kikubaaqudgha.
  6604 | D:7      | Noticed a +0 hand axe
  6610 | D:7      | Noticed a +0 hand axe
  6632 | D:7      | Found a hide-covered altar of Uskayaw.
  7144 | D:8      | Noticed a two-headed ogre
  7155 | D:8      | Slain by a two-headed ogre

Skill      XL: |  1  2  3  4  5  6  7  8  9 |
---------------+----------------------------+-----
Armour         | 1 2 3 4 5 |  5.9
Dodging        | 3 4 5 6 |  6.6
Short Blades   | 3 4 5 6 |  6.6
Fighting       | 4 5 |  5.8
Stealth        | 3 4 5 |  5.0

Action                   |  1- 3 |  4- 6 |  7- 9 || total
-------------------------+-------+-------+-------++-------
Melee: Short sword       |   118 |    91 |       ||   209
       Dagger            |       |    68 |   522 ||   590
Evoke: Wand              |       |     1 |     5 ||     6
  Use: Potion            |       |     5 |     7 ||    12
       Scroll            |       |       |     8 ||     8
 Stab: Sleeping          |     7 |       |     1 ||     8
  Eat: Chunk             |     2 |    14 |    14 ||    30
Armor: Robe              |     5 |       |       ||     5
       Scale mail        |     6 |    41 |   160 ||   207
       Leather armour    |     4 |       |       ||     4
Dodge: Dodged            |    62 |    44 |   210 ||   316
